 Dungeon Crawl Stone Soup version 0.31-a0-1036-g31867e143a (webtiles) character file.

Game seed: 1224163363124389906

660 Azuregosa the Covert (level 7, -7/46 HPs)
             Began as an Octopode Delver on Nov 19, 2023.
             Was an Initiate of Sif Muna.
             Mangled by an ogre
             ... wielding a +0 giant club
              (9 damage)
             ... on level 5 of the Dungeon.
             The game lasted 00:18:34 (3913 turns).

Azuregosa the Covert (Octopode Delver)              Turns: 3913, Time: 00:18:35

Health: -7/46      AC:  1    Str: 11    XL:     7   Next: 56%
Magic:  12/12      EV: 13    Int: 14    God:    Sif Muna [......]
Gold:   209        SH:  0    Dex: 14    Spells: 9/12 levels left

rFire   . .          .
                       - Unarmed
rCold   . . .        (no shield)
rNeg    . . .        (helmet restricted)
rPois   .            (no amulet)
rElec   .            (no ring)
rCorr   .            (no ring)
SInv    .            (no ring)
Will    .....        (no ring)
Stlth   +++++        (no ring)
HPRegen 0.27/turn    (no ring)
MPRegen 0.13/turn    (no ring)
                     (no ring)

%: no passive effects
@: no status effects
A: almost no armour, amphibious, 8 rings, camouflage 1, gelatinous body 1,
(nimble swimmer 1), tentacles
a: Renounce Religion


You were on level 5 of the Dungeon.
You worshipped Sif Muna.
Sif Muna was noncommittal.
You visited 2 branches of the dungeon, and saw 7 of its levels.

You collected 209 gold pieces.

Inventory:

Missiles
 c - 4 poisoned darts
 g - 110 stones
 u - 2 atropa-tipped darts
Jewellery
 p - a ring of fire
Talismans
 m - a blade talisman
 q - a maw talisman
Wands
 e - a wand of digging (3)
Scrolls
 a - 2 scrolls of fog
 b - a scroll of poison {unknown}
 h - 7 scrolls of identify {unknown}
 j - 3 scrolls of teleportation {unknown}
 k - a scroll of enchant armour {unknown}
 l - a scroll of immolation {unknown}
 o - 2 scrolls of amnesia {unknown}
 r - a scroll of vulnerability {unknown}
 t - 2 scrolls of butterflies {unknown}
 v - a scroll of revelation
Potions
 d - 2 potions of haste
 f - a potion of resistance {unknown}
 i - a potion of lignification {unknown}
 n - a potion of curing {unknown}
 s - a potion of might {unknown}
 w - a potion of degeneration {unknown}


   Skills:
 - Level 3.0 Fighting
 - Level 2.0 Dodging
 - Level 8.7 Stealth
 - Level 2.0 Unarmed Combat
 + Level 3.4 Spellcasting
 + Level 3.6 Conjurations
 + Level 3.7 Earth Magic


You had 9 spell levels left.
You knew the following spells:

 Your Spells              Type           Power      Damage    Failure   Level
a - Stone Arrow           Conj/Erth      24%        3d8       13%         3

Your spell library contained the following spells:

 Spells                   Type           Power      Damage    Failure   Level
 Kiss of Death            Conj/Necr      28%        2d7       10%         1
 Apportation              Tloc           4%         N/A       21%         1
 Necrotise                Necr           8%         1d4       21%         1
 Summon Small Mammal      Summ           8%         N/A       21%         1
 Confusing Touch          Hex            2%         N/A       52%         3
 Dispel Undead            Necr           2%         3d7       90%         4
 Lehudib's Crystal Spear  Conj/Erth      6%         10d3      100%        8
 Animate Armour           Summ/Erth      Unusable   N/A       N/A         4

Dungeon Overview and Level Annotations

Branches:
Dungeon (6/15)             Temple (1/1) D:4

Altars:
Ashenzari
Cheibriados
Dithmenos
Elyvilon
Fedhas
Gozag
Kikubaaqudgha
Makhleb
Nemelex Xobeh
Okawaru
Sif Muna
Trog
Uskayaw
Vehumet
Wu Jian
Xom
Yredelemnul
Zin
The Shining One

Shops:
D:2 (


Innate Abilities, Weirdness & Mutations

You cannot wear most types of armour.
You are amphibious.
You can wear up to eight rings at the same time.
Your skin changes colour to match your surroundings (Stealth+).
Your rubbery body absorbs attacks. (AC +1, EV +1)
((You are camouflaged when in or above water. (Stealth+)))
You have tentacles for arms and can constrict up to eight enemies at once.


Message History

Items here: ) [ ÷ †.
Things that are here:
a +0 mace; a +0 leather armour; an orc corpse
Things that are here:
a +0 dagger; a +0 robe; an orc corpse
Found a stone staircase leading down.
An orc comes into view. It is wielding a +0 flail.
The helpless orc fails to defend itself.
You bludgeon the orc!
You kill the orc!
Sif Muna accepts your kill.
Things that are here:
a +0 flail; a boomerang; an orc corpse
Found 4 poisoned darts.
You see here 4 poisoned darts.
c - 4 poisoned darts The ogre shouts!
You tentacle-slap the ogre.
The ogre is lightly wounded.
The ogre closely misses you.
You tentacle-slap the ogre but do no damage.
You squeeze the ogre!
The ogre is moderately wounded.
The ogre hits you with a +0 giant club!
You tentacle-slap the ogre.
The ogre is heavily wounded.
You tentacle-slap the ogre but do no damage.
The ogre is heavily wounded.
The ogre hits you with a +0 giant club!!
* * * LOW HITPOINT WARNING * * *
You tentacle-slap the ogre. You squeeze the ogre.
The ogre is severely wounded.
The ogre hits you with a +0 giant club!
* * * LOW HITPOINT WARNING * * *
You tentacle-slap the ogre.
The ogre is severely wounded.
You tentacle-slap the ogre. You squeeze the ogre, but do no damage.
The ogre is severely wounded.
The ogre hits you with a +0 giant club!
You die...

*****,*,***####..#*.# #. *
**,*,,*,,.,...##.######### #. *
*,,,,,,,*#.[.............# #. *
**,,,,,,,,,.#...........#.####.
***,,,............#..###..#......
,,.....=...####.................l
**#........####..##.####...######
*.$(.....####.O##### #.#.#
*,.......####.@##### #.#.#
###,#....######..##### #.#.#
....#.)######....##### #.#.#
.......#####...#.##### #.#.#
*****#.......#>.....## #...######
#.#####...###..## #.#.......
#.######.####..####...######
#.######.####.........# ##
#.######.####.#####)..#####.


You could see an ogre.

Vanquished Creatures
  Prince Ribbit (D:5)
  A lemure (D:5)
  5 hounds
  An orc priest (D:5)
  An orc wizard (D:5)
  Robin (D:3)
  5 gnolls (D:3)
  4 adders
  A shadow imp (D:5)
  2 worms
  9 dart slugs
  7 orcs
  8 ball pythons
  9 bats
  9 endoplasms
  3 giant cockroaches
  19 goblins
  9 hobgoblins
  2 jackals (D:3)
  6 kobolds
  8 quokkas
  3 frilled lizards
  3 rats
117 creatures vanquished.

Notes
Turn   | Place    | Note
-------+----------+-------------------------------------------
     0 | D:5      | Azuregosa the Octopode Delver began the quest for the Orb.
     0 | D:5      | Reached XP level 1. HP: 16/16 MP: 1/1
     6 | D:5      | Noticed an orc priest
     7 | D:5      | Noticed a hound
    17 | D:5      | Noticed an ogre
    98 | D:6      | Noticed a bullfrog
   107 | D:6      | Noticed a hound
   118 | D:6      | Killed a hound
   119 | D:6      | Reached skill level 8 in Stealth
   119 | D:6      | Reached XP level 2. HP: 13/21 MP: 2/2
   119 | D:6      | Reached XP level 3. HP: 16/26 MP: 3/3
   350 | D:4      | Reached XP level 4. HP: 29/31 MP: 4/4
   386 | D:4      | Identified the +1 robe of Fubus {rF+ Regen+}
   414 | D:3      | Learned a level 3 spell: Stone Arrow
   493 | D:3      | Reached skill level 1 in Conjurations
   493 | D:3      | Reached skill level 1 in Earth Magic
   712 | D:3      | Reached XP level 5. HP: 27/36 MP: 6/6
   815 | D:2      | Reached skill level 1 in Spellcasting
   857 | D:2      | Found Wijettem's Weapon Shoppe.
  1625 | D:2      | Found a faded altar of an unknown god.
  1949 | D:3      | Found a bloodstained altar of Trog.
  2146 | D:3      | Noticed Robin
  2214 | D:3      | Killed Robin
  2351 | D:3      | Reached XP level 6. HP: 36/42 MP: 8/8
  2410 | D:3      | Found an iron altar of Okawaru.
  2551 | D:4      | Found a staircase to the Ecumenical Temple.
  2566 | Temple   | Entered the Ecumenical Temple
  2570 | Temple   | Became a worshipper of Sif Muna the Loreminder
  3187 | D:5      | Found an opulent altar of Gozag.
  3189 | D:5      | Noticed Prince Ribbit
  3204 | D:5      | Killed Prince Ribbit
  3205 | D:5      | Reached XP level 7. HP: 21/46 MP: 9/11
  3352 | D:5      | Found a basalt altar of Yredelemnul.
  3352 | D:5      | Found a shadowy altar of Dithmenos.
  3911 | D:5      | HP: 1/46 [ogre/+0 giant club (9)]
  3913 | D:5      | Mangled by an ogre

Illustrated notes

Levels and vault maps discovered:
D:1:      reono_arrival_mine, layout_basic, grunt_decor_cap
D:2:      layout_rooms, serial_shops, shop, shapermc_ecumenical_altar_acropolis,
          kennysheep_generic_room_3
D:3:      layout_loops_cross, okawaru_altar_gauntlet_db,
          overflow_temple_1_default, chequers_serial_rivers_micro_b, uniq_robin
D:4:      kennysheep_slugbush, layout_gridville,
          minmay_temple_entry_drinking_statues
D:5:      layout_loops_ring, amcnicky_altar_gilded,
          gammafunk_temple_overflow_statue, small_statue_intersection,
          minmay_ogre_servants, uniq_prince_ribbit1, uniq_pikel
D:6:      layout_loops_ring, lemuel_coloured_pillars_altar,
          nicolae_hepliaklqana_monster_ancestors, glass_columns_a
Temple:   zaba_magenta_temple

Skill      XL: |  1  2  3  4  5  6  7 |
---------------+----------------------+-----
Stealth        | 8 |  8.7
Conjurations   | 1 2 3 |  3.6
Earth Magic    | 1 2 3 |  3.7
Spellcasting   | 1 2 3 |  3.4
Fighting       | |  3.0
Dodging        | |  2.0
Unarmed Combat | |  2.0

Action                     |  1- 3 |  4- 6 |  7- 9 || total
---------------------------+-------+-------+-------++-------
  Melee: Unarmed           |    30 |   218 |    45 ||   293
         Constrict         |    10 |    63 |    11 ||    84
         Tentacles         |     7 |    56 |    16 ||    79
         Punch             |       |     4 |       ||     4
   Cast: Stone Arrow       |       |       |     4 ||     4
    Use: Scroll            |     2 |     1 |       ||     3
         Potion            |       |     2 |     1 ||     3
   Stab: Sleeping          |     5 |    29 |     2 ||    36
         Fleeing           |       |     1 |       ||     1
 Armour: Skin              |    13 |    81 |    21 ||   115
  Dodge: Dodged            |    25 |   141 |    28 ||   194

Table legend: (Time is in decaauts)
 A = Elapsed time spent in this place.
 B = Non-inter-level travel time spent in this place.
 C = Inter-level travel time spent in this place.
 D = Time resting spent in this place.
 E = Time spent auto-exploring this place.
 F = Levels seen in this place.
 G = Mean time per level.
                   A        B        C        D        E       F      G
               +--------+--------+--------+--------+--------+-----+--------+
         Total |   3902 |   3819 |     83 |    528 |   1981 |   7 |  557.4 |
       Dungeon |   3893 |   3810 |     83 |    528 |   1981 |   6 |  648.8 |
        Temple |      8 |      8 |      0 |      0 |      0 |   1 |    8.0 |
               +--------+--------+--------+--------+--------+-----+--------+

Top non-repeatable levels by time:
     D:3: 954 daAuts
     D:4: 929 daAuts
     D:5: 697 daAuts
     D:1: 649 daAuts
     D:2: 512 daAuts
     D:6: 150 daAuts
  Temple: 8 daAuts
